 Dungeon Sprint DCSS version 0.31-a0-1597-ge7908ec95f (webtiles) character file.

Game seed: 16499169506355339602

3147 Conn the Destroyer (level 9, -14/61 (76) HPs)
             Began as an Octopode Fire Elementalist on Jan 7, 2024.
             Was a Priest of Sif Muna.
             Killed from afar by a laughing skull (29 damage)
             ... with a bolt of negative energy
             ... in the Dungeon (Sprint II: "The Violet Keep of Menkaure").
             The game lasted 00:15:48 (1181 turns).

Conn the Destroyer (Octopode Fire Elementalist)     Turns: 1181, Time: 00:15:49

HP:   -14/61 (76)   AC: 24    Str:  7    XL:     9   Next: 93%
MP:   8/23          EV:  2    Int: 21    God:    Sif Muna [***...]
Gold: 72            SH:  5    Dex: 13    Spells: 1/29 levels left

rFire   + . .        q - staff of conjuration
rCold   . . .        (no shield)
rNeg    . . .        (helmet currently unavailable)
rPois   +            d - amulet "Loekod" {Reflect rF+ SH+5}
rElec   .            (no ring)
rCorr   .            (no ring)
SInv    .            (no ring)
Will    .....        (no ring)
Stlth   +++          (no ring)
HPRegen 0.30/turn    (no ring)
MPRegen 0.18/turn    (no ring)
                     (no ring)

%: no teleportation, reflection
@: tree-form, heavily drained
A: stationary, stasis, torment immunity, boosted hp, almost no armour,
(amphibious), 8 rings, (camouflage 1), (gelatinous body 1), (nimble swimmer 1),
(tentacles)
a: Renounce Religion, Channel Magic, Forget Spell


You were in the Dungeon.
You worshipped Sif Muna.
Sif Muna was most pleased with you.
You were a tree.
You visited 1 branch You collected 1166 gold pieces.
You spent 1094 gold pieces at shops.

Inventory:

Missiles
 i - 10 poisoned darts
Magical Staves
 q - a staff of conjuration (weapon)
Jewellery
 d - the amulet "Loekod" (around neck) {Reflect rF+ SH+5}
   (You bought it in a shop in the Dungeon)

   [amulet of reflection]

   Reflect:   It reflects blocked missile attacks.
   rF+:       It protects you from fire.
   SH+5:      It affects your SH (+5).
Scrolls
 f - 2 scrolls of immolation
 g - a scroll of fog
 h - a scroll of vulnerability
 j - 2 scrolls of blinking
 l - a scroll of revelation
 m - 2 scrolls of silence
 o - a scroll of fear
 t - a scroll of enchant armour
Potions
 a - 5 potions of magic
 b - 3 potions of curing
 c - 2 potions of lignification
 e - 3 potions of heal wounds
 k - a potion of attraction
 n - 2 potions of enlightenment
 p - a potion of might {unknown}
 r - 2 potions of resistance


   Skills:
 + Level 8.7 Dodging
 - Level 4.2 Stealth
 - Level 0.2 Unarmed Combat
 + Level 10.5 Spellcasting
 + Level 10.9 Conjurations
 + Level 4.9 Hexes
 + Level 10.1 Fire Magic
 * Level 4.6 Ice Magic
 + Level 0.0 Air Magic
 * Level 7.8 Invocations


You had one spell level left.
You knew the following spells:

 Your Spells              Type           Power      Damage    Failure   Level
a - Foxfire               Conj/Fire      100%       2x1d9     1%          1
b - Scorch                Fire           100%       2d9       1%          2
c - Inner Flame           Hex/Fire       42%        N/A       1%          3
d - Flame Wave            Conj/Fire      70%        2d16      1%          4
e - Ozocubu's Refrigerat  Ice            15%        4d10      100%        7
f - Hailstorm             Conj/Ice       60%        3d11      1%          3
g - Mephitic Cloud        Conj/Alch/Air  39%        N/A       4%          3
h - Metabolic Englaciati  Hex/Ice        15%        N/A       24%         5

Your spell library contained the following spells:

 Spells                   Type           Power      Damage    Failure   Level
 Freeze                   Ice            100%       1d10      1%          1
 Frozen Ramparts          Ice            60%        1d10      2%          3
 Volatile Blastmotes      Fire/Tloc      64%        2d15      2%          3
 Leda's Liquefaction      Alch/Erth      5%         N/A       52%         4
 Olgreb's Toxic Radiance  Alch           11%        N/A       52%         4
 Petrify                  Alch/Erth      11%        N/A       52%         4
 Summon Lightning Spire   Summ/Air       11%        N/A       52%         4
 Alistair's Intoxication  Alch           7%         N/A       86%         5
 Discord                  Hex            15%        N/A       100%        8


Dungeon Overview and Level Annotations

Branches:
Dungeon (1/1)

Altars:
Cheibriados
Dithmenos
Elyvilon
Fedhas
Gozag
Hepliaklqana
Kikubaaqudgha
Makhleb
Nemelex Xobeh
Okawaru
Qazlal
Ru
Sif Muna
Trog
Uskayaw
Vehumet
Wu Jian
Xom
Yredelemnul
Zin
The Shining One
Jiyva
Lugonu

Shops:
D :[*=(!=?=**[?!:

Annotations:
D exclusion: oklob plant


Innate Abilities, Weirdness & Mutations

You are a tree.
Your roots penetrate the ground, keeping you stationary.
You cannot be teleported.
You are immune to unholy pain and torment.
Your maximum health is greatly increased.
You cannot wear most types of armour.
((You are amphibious.))
You can wear up to eight rings at the same time.
((Your skin changes colour to match your surroundings (Stealth+).))
((Your rubbery body absorbs attacks. (AC +1, EV +1)))
((You are camouflaged when in or above water. (Stealth+)))
((You have tentacles for arms and can constrict up to eight enemies at once.))


Message History

* * * LOW HITPOINT WARNING * * *
The bolt of negative energy hits the laughing skull.
The laughing skull completely resists.
The laughing skull headbutts you but does no damage.
A wave of flame ripples out!
The flame wave engulfs the laughing skull.
The laughing skull resists.
The laughing skull is lightly damaged.
The flame wave engulfs the laughing skull.
The laughing skull resists.
The laughing skull is severely damaged.
The flame wave engulfs the laughing skull.
The laughing skull resists.
The laughing skull is heavily damaged.
You finish channelling waves of flame.
The laughing skull headbutts you but does no damage.
You block the laughing skull's attack.
The laughing skull headbutts you but does no damage.
The laughing skull cackles spitefully.
The bolt of negative energy hits you but does no damage.
Unknown command.
Casting: Flame Wave (dangerous; 1% risk of failure)
Confirm with . or Enter, or press ? or * to list all spells.
Casting: Flame Wave (dangerous; 1% risk of failure)
Press: ? - help, Dir - look around, f - activate You feel a surge of power!
A wave of flame ripples out!
The flame wave engulfs the laughing skull.
The laughing skull resists.
The laughing skull is moderately damaged.
The flame wave engulfs the laughing skull.
The laughing skull resists.
The laughing skull is severely damaged.
The flame wave engulfs the laughing skull.
The laughing skull resists.
The laughing skull is severely damaged. (Press . to intensify the flame waves.)
The laughing skull cackles spitefully.
The bolt of negative energy hits you!!
You feel drained.
You die...
The laughing skull crumbles to pieces from sheer joy.

############~~#+++#'§'##
###########~~~...○z....#
##.....∩.∩#~~~~.##'##..#
##....∩.∩.#~~~~##.#§##.###
##...∩.∩..#~~~~#..#z.#....
##..∩.....#§§####...####..
##.⌠.∩....#§##.###+###.##.
##..∩.∩..z#§#..###.####.#.
##...∩.∩.♣z§'##.'.<.'.##'.
##....∩.∩z#§#..###.##...#.
#▓▓▓▓▓▓▓###§##.# #+###.##.
##[$D######§§### .#. ###~~
#([D#F ##~~~#.B B.#~~~§
#∩P[+$. #'#~##$ .##~~~~
#$$.#$# #.#~~##+##~~~≈§
#!/) ## ####~~~~~~~~~§§
##+# #+++#+++#~§§


You could see a fire dragon, an ice dragon, an oklob plant and 3 laughing
skulls.

Vanquished Creatures
  2 deep trolls (D)
  A yaktaur (D)
  3 polar bears (D)
  A hornet (D)
  Menkaure (D)
  A vampire mosquito (D)
  5 crocodiles (D)
  4 necrophages (D)
  4 scorpions (D)
  3 ribbon worms (D)
25 creatures vanquished.

Vanquished Creatures (others)
  40 foxfires (D)
  16 tentacles (D)
56 creatures vanquished.

Grand Total: 81 creatures vanquished

Notes
Turn   | Place    | Note
-------+----------+-------------------------------------------
     0 | D        | Conn the Octopode Fire Elementalist began the quest for the
                  | Orb.
     0 | D        | Reached XP level 1. HP: 11/11 MP: 3/3
     5 | D        | Noticed a boulder beetle
     5 | D        | Noticed a boulder beetle
     9 | D        | Noticed a necrophage
     9 | D        | Noticed a necrophage
     9 | D        | Noticed a necrophage
     9 | D        | Noticed a necrophage
    16 | D        | Killed a necrophage
    17 | D        | Reached XP level 2. HP: 17/17 MP: 0/6
    17 | D        | Reached XP level 3. HP: 21/21 MP: 0/7
    17 | D        | Reached XP level 4. HP: 27/27 MP: 0/9
    20 | D        | Killed a necrophage
    21 | D        | Reached XP level 5. HP: 31/31 MP: 0/11
    24 | D        | Reached skill level 5 in Spellcasting
    30 | D        | Reached skill level 5 in Conjurations
    30 | D        | Reached XP level 6. HP: 36/36 MP: 1/15
    38 | D        | Learned a level 2 spell: Scorch
    42 | D        | Learned a level 3 spell: Inner Flame
    47 | D        | Learned a level 4 spell: Flame Wave
    70 | D        | Reached skill level 5 in Dodging
    73 | D        | Noticed Menkaure
    80 | D        | Killed Menkaure
    93 | D        | Noticed a laughing skull
    94 | D        | Noticed a laughing skull
    94 | D        | Noticed a laughing skull
    94 | D        | Noticed a laughing skull
    98 | D        | Noticed a laughing skull
   210 | D        | Reached XP level 7. HP: 26/41 MP: 9/18
   299 | D        | Found Ojoiben's Distillery.
   300 | D        | Found Luniuxucif's Jewellery Shoppe.
   300 | D        | Found Hihat's Magic Scroll Emporium.
   300 | D        | Found Sirra's Antique Weapon Shoppe.
   300 | D        | Found Damaush's Assorted Antiques.
   300 | D        | Found Tufiadd's Jewellery Emporium.
   300 | D        | Found Weuk's Magic Scroll Shoppe.
   300 | D        | Found Rutacoe's Jewellery Emporium.
   300 | D        | Found Zael's Book Shoppe.
   300 | D        | Found Huitac's Assorted Antiques.
   301 | D        | Found Quudwaf's General Store.
   301 | D        | Found Ceymum's Antique Armour Emporium.
   301 | D        | Noticed an ice dragon
   302 | D        | Found Qoniownyj's Antique Armour Shoppe.
   302 | D        | Found Fulooff's Distillery.
   303 | D        | Noticed an oklob plant
   304 | D        | Found Ceogod's Book Shoppe.
   307 | D        | Bought a potion of lignification for 30 gold pieces
   307 | D        | Noticed a fire dragon
   309 | D        | Noticed a cane toad
   333 | D        | Bought the amulet "Loekod" {Reflect rF+ SH+5} for 484 gold
                  | pieces
   353 | D        | Noticed a cane toad
   357 | D        | Bought 2 potions of heal wounds for 100 gold pieces
   364 | D        | Bought a potion of lignification for 30 gold pieces
   364 | D        | Bought a scroll of immolation for 40 gold pieces
   364 | D        | Bought a scroll of identify for 20 gold pieces
   377 | D        | Noticed a vampire mosquito
   380 | D        | Killed a vampire mosquito
   404 | D        | Found an opulent altar of Gozag.
   405 | D        | Found a blossoming altar of Fedhas.
   405 | D        | Found a sparkling altar of Nemelex Xobeh.
   406 | D        | Found a white marble altar of Elyvilon.
   406 | D        | Found a burning altar of Makhleb.
   407 | D        | Found a shadowy altar of Dithmenos.
   407 | D        | Found a corrupted altar of Lugonu.
   407 | D        | Found a hide-covered altar of Uskayaw.
   408 | D        | Found a snail-covered altar of Cheibriados.
   408 | D        | Found an ancient bone altar of Kikubaaqudgha.
   408 | D        | Found a bloodstained altar of Trog.
   409 | D        | Found a viscous altar of Jiyva.
   409 | D        | Found a shimmering blue altar of Sif Muna.
   410 | D        | Found a hazy altar of Hepliaklqana.
   410 | D        | Found a sacrificial altar of Ru.
   411 | D        | Found a shimmering altar of Xom.
   412 | D        | Found a stormy altar of Qazlal.
   412 | D        | Found an ornate altar of the Wu Jian Council.
   412 | D        | Found a basalt altar of Yredelemnul.
   412 | D        | Found a glowing golden altar of the Shining One.
   412 | D        | Noticed a hornet
   412 | D        | Noticed a polar bear
   413 | D        | Found a radiant altar of Vehumet.
   413 | D        | Found an iron altar of Okawaru.
   413 | D        | Found a glowing silver altar of Zin.
   413 | D        | Noticed a yaktaur
   418 | D        | Became a worshipper of Sif Muna the Loreminder
   428 | D        | Noticed a polar bear
   429 | D        | Noticed a polar bear
   436 | D        | Killed a polar bear
   436 | D        | Killed a polar bear
   437 | D        | Reached XP level 8. HP: 16/46 MP: 15/21
   437 | D        | Killed a polar bear
   437 | D        | Reached * piety under Sif Muna
   438 | D        | Killed a yaktaur
   438 | D        | Killed a hornet
   439 | D        | Reached skill level 10 in Spellcasting
   439 | D        | Reached skill level 10 in Conjurations
   439 | D        | Reached skill level 5 in Invocations
   439 | D        | Reached XP level 9. HP: 19/51 MP: 13/23
   548 | D        | Noticed a kraken
   566 | D        | Learned a level 7 spell: Ozocubu's Refrigeration
   871 | D        | Reached ** piety under Sif Muna
   873 | D        | Reached skill level 1 in Ice Magic
   948 | D        | Noticed a deep troll
   948 | D        | Noticed a deep troll
   960 | D        | Killed a deep troll
   961 | D        | Reached skill level 10 in Fire Magic
   961 | D        | Killed a deep troll
  1103 | D        | Reached *** piety under Sif Muna
  1150 | D        | Bought the Treatise on Contamination and Air for 390 gold
                  | pieces
  1154 | D        | Learned a level 3 spell: Hailstorm
  1158 | D        | Learned a level 3 spell: Mephitic Cloud
  1164 | D        | Learned a level 5 spell: Metabolic Englaciation
  1181 | D        | Killed from afar by a laughing skull

Illustrated notes

Levels and vault maps discovered:
D:        the_violet_keep_of_menkaure [sprint2_stairs_cluster_1,
          sprint2_shoproom, sprint2_temple, sprint2_basic_supplies,
          sprint2_obstacle_5, sprint2_obstacle_7, sprint2_obstacle_1,
          sprint2_obstacle_4, sprint2_obstacle_2, sprint2_timed_cluster_1,
          sprint2_smallroom_cluster_1, sprint2_smallroom_final_cluster_1,
          sprint2_transparent_cluster_1, sprint2_second_timed_cluster_1,
          sprint2_sniper_area_1, sprint2_heavy_combat_area_1,
          sprint2_mutation_trap_area_1, sprint2_forest_area_1,
          sprint2_light_combat_area_1, sprint2_behind_water_1,
          sprint2_near_end_vault_1]

Skill      XL: |  1  2  3  4  5  6  7  8  9 |
---------------+----------------------------+-----
Dodging        | 3 4 6 7 8 |  8.7
Stealth        | 4 |  4.2
Spellcasting   | 3 4 6 7 9 10 | 10.5
Fire Magic     | 6 7 8 9 10 | 10.1
Conjurations   | 3 5 7 9 10 | 10.9
Hexes          | 2 3 4 |  4.9
Invocations    | 3 5 7 |  7.8
Ice Magic      | 4 |  4.6
Unarmed Combat | |  0.2

Action                     |  1- 3 |  4- 6 |  7- 9 || total
---------------------------+-------+-------+-------++-------
  Melee: Unarmed           |     2 |    12 |       ||    14
         Tentacles         |     1 |     3 |       ||     4
         Constrict         |     1 |     3 |       ||     4
         Punch             |       |     1 |       ||     1
   Cast: Foxfire           |     3 |     7 |    15 ||    25
         Scorch            |       |     2 |    22 ||    24
         Flame Wave        |       |     1 |     6 ||     7
         Inner Flame       |       |       |     6 ||     6
    Use: Potion            |     2 |     1 |     4 ||     7
         Scroll            |       |     1 |     8 ||     9
 Armour: Skin              |       |     7 |    29 ||    36
  Dodge: Dodged            |       |     8 |    15 ||    23
  Block: Other             |       |       |     8 ||     8
         Reflection        |       |       |     1 ||     1

Table legend: (Time is in decaauts)
 A = Elapsed time spent in this place.
 B = Non-inter-level travel time spent in this place.
 C = Inter-level travel time spent in this place.
 D = Time resting spent in this place.
 E = Time spent auto-exploring this place.
 F = Levels seen in this place.
 G = Mean time per level.
                   A        B        C        D        E       F      G
               +--------+--------+--------+--------+--------+-----+--------+
         Total |   1176 |   1176 |      0 |    506 |      0 |   1 | 1176.0 |
       Dungeon |   1176 |   1176 |      0 |    506 |      0 |   1 | 1176.0 |
               +--------+--------+--------+--------+--------+-----+--------+

Top non-repeatable levels by time:
       D: 1176 daAuts
